 Dungeon Sprint DCSS version 0.31-a0-675-g238779eb0a (webtiles) character file.

Game seed: 14152932974930615052

1898 sircluck the Grappler (level 8, -1/139 HPs)
             Began as a Troll Berserker on Sept 5, 2023.
             Was the Champion of Trog.
             Succumbed to a sea snake's poison
             ... in the Dungeon (Sprint VII: "The Pits").
             The game lasted 00:01:24 (557 turns).

sircluck the Grappler (Troll Berserker)              Turns: 557, Time: 00:01:25

Health: -1/139     AC:  4    Str: 28    XL:     8   Next: 93%
Magic:  7/7        EV: 12    Int:  3    God:    Trog [******]
Gold:   0          SH:  0    Dex:  9    Spells: 7/7 levels left

rFire   . .          .
                       - Unarmed
rCold   . . .        (no shield)
rNeg    . . .        a - +0 animal skin
rPois   .            (helmet restricted)
rElec   .            (no cloak)
rCorr   .            (gloves unavailable)
SInv    .            (boots unavailable)
Will    .....        (no amulet) Stlth
                     (no ring)
HPRegen 1.23/turn    (no ring)
MPRegen 0.10/turn

%: no teleportation
@: berserking, lethally poisoned (-1 -> -6), very quick
A: large, unfitting armour, claws 3, regeneration 1, shaggy fur 1, tough skin 1
a: Renounce Religion, Berserk, Trog's Hand, Brothers in Arms


You were in the Dungeon.
You worshipped Trog.
Trog was exalted by your worship.
You visited 1 branch

Inventory:

Armour
 a - a +0 animal skin (worn)
Jewellery
 k - a +3 ring of protection
 l - a +3 ring of dexterity
Scrolls
 g - a scroll of blinking
 i - 2 scrolls of vulnerability
 j - a scroll of summoning
Potions
 b - 7 potions of curing
 c - 12 potions of heal wounds
 d - 3 potions of haste
 e - 4 potions of magic
 f - 4 potions of berserk rage
 h - 2 potions of invisibility
 m - a potion of mutation


   Skills:
 + Level 10.3 Fighting
 + Level 10.1 Dodging
 + Level 12.0 Unarmed Combat


You had 7 spell levels left.
You didn't know any spells.
Your spell library was empty.

Dungeon Overview and Level Annotations

Branches:
Dungeon (1/1)

Altars:
Ashenzari
Cheibriados
Dithmenos
Elyvilon
Fedhas
Gozag
Hepliaklqana
Kikubaaqudgha
Makhleb
Nemelex Xobeh
Okawaru
Qazlal
Ru
Sif Muna
Trog
Uskayaw
Vehumet
Wu Jian
Xom
Yredelemnul
Zin
The Shining One
Jiyva
Lugonu


Innate Abilities, Weirdness & Mutations

You are too large for most types of armour.
You have claws for hands.
Your natural rate of healing is unusually fast.
You are covered in fur. (AC +1)
You have tough skin. (AC +1)


Message History

You feel very sick. The shadow closely misses you. The sea snake bites you!
You are too injured to fight recklessly!
You are too injured to fight recklessly!
You are too injured to fight recklessly!
You are too injured to fight recklessly!
You are too injured to fight recklessly!
A red film seems to cover your vision as you go berserk!
You feel yourself moving faster!
You feel mighty!
You feel extremely sick. The quokka skeleton barely misses you.
The shadow hits you. The sea snake bites you!
You claw the sea snake! You claw the sea snake!!
The sea snake is heavily wounded.
You feel very sick. The quokka skeleton bites you.
* * * LOW HITPOINT WARNING * * *
The shadow hits you!
* * * LOW HITPOINT WARNING * * *
You closely miss the sea snake.
The sea snake is heavily wounded.
You feel sick. The sea snake bites you!
* * * LOW HITPOINT WARNING * * *
* * * LOW HITPOINT WARNING * * *
You feel very sick.
The quokka skeleton attacks as it pursues you!
The quokka skeleton bites you.
* * * LOW HITPOINT WARNING * * *
The sea snake attacks as it pursues you!
The sea snake bites you.
* * * LOW HITPOINT WARNING * * *
You mangle the quokka skeleton!!
You destroy the quokka skeleton!
Trog accepts your kill.
* * * LOW HITPOINT WARNING * * *
You feel sick.
Unknown command.
You mangle the sea snake!!
The sea snake is almost dead.
You die...

..##.......##......#
..##.......##......#
####...<...###....##
..##.......# ##')##
..##.......###..†.##
####.......##......#
.. ##########......+
)############......#
)#....#..[[###..@.##
)#....#..[[# ##S'##
)†....'..))# #..W.#
†#....#.!))##......#
†#....#..))##......#
####################


You could see a sea snake and a shadow.

Vanquished Creatures
  A guardian mummy (D)
  3 blink frogs (D)
  3 yaks (D)
  A basilisk (D)
  A warg (D)
  An orc warrior (D)
  2 scorpions (D)
  3 orc priests (D)
  Terence (D)
  An iguana (D)
  A mummy (D)
  2 gnolls (D)
  2 river rats (D)
  4 orcs (D)
  An endoplasm (D)
  A giant cockroach (D)
  9 jackals (D)
  A ball python skeleton (D)
  A frilled lizard (D)
  A goblin (D)
  A quokka skeleton (D)
  A rat (D)
42 creatures vanquished.

Notes
Turn   | Place    | Note
-------+----------+-------------------------------------------
     0 | D        | sircluck the Troll Berserker began the quest for the Orb.
     0 | D        | Reached XP level 1. HP: 22/22 MP: 0/0
    19 | D        | Reached XP level 2. HP: 26/31 MP: 1/1
    47 | D        | Found a bloodstained altar of Trog.
    47 | D        | Found a shimmering blue altar of Sif Muna.
    47 | D        | Found a viscous altar of Jiyva.
    47 | D        | Found a hazy altar of Hepliaklqana.
    47 | D        | Found an opulent altar of Gozag.
    48 | D        | Found a glowing golden altar of the Shining One.
    48 | D        | Found a glowing silver altar of Zin.
    48 | D        | Found a basalt altar of Yredelemnul.
    48 | D        | Found a shimmering altar of Xom.
    48 | D        | Found an ornate altar of the Wu Jian Council.
    48 | D        | Found a sacrificial altar of Ru.
    48 | D        | Found a stormy altar of Qazlal.
    48 | D        | Found an iron altar of Okawaru.
    48 | D        | Found a sparkling altar of Nemelex Xobeh.
    48 | D        | Found a burning altar of Makhleb.
    48 | D        | Found a blossoming altar of Fedhas.
    48 | D        | Found a white marble altar of Elyvilon.
    48 | D        | Found a shadowy altar of Dithmenos.
    48 | D        | Found a snail-covered altar of Cheibriados.
    62 | D        | Reached ** piety under Trog
    63 | D        | Reached skill level 4 in Unarmed Combat
    84 | D        | Reached *** piety under Trog
    95 | D        | Reached **** piety under Trog
   103 | D        | Reached XP level 3. HP: 39/39 MP: 2/2
   124 | D        | Noticed a scorpion
   126 | D        | Reached skill level 5 in Unarmed Combat
   129 | D        | Killed a scorpion
   129 | D        | Reached ***** piety under Trog
   130 | D        | Reached skill level 5 in Fighting
   130 | D        | Reached XP level 4. HP: 50/50 MP: 3/3
   150 | D        | Noticed a scorpion
   150 | D        | Noticed an orc warrior
   152 | D        | Noticed a warg
   173 | D        | Killed a warg
   174 | D        | Reached skill level 7 in Unarmed Combat
   174 | D        | Reached XP level 5. HP: 25/59 MP: 4/4
   222 | D        | Noticed Terence
   238 | D        | Received a gift from Trog
   240 | D        | Reached skill level 8 in Unarmed Combat
   240 | D        | Reached XP level 6. HP: 55/68 MP: 5/5
   250 | D        | Killed Terence
   253 | D        | Killed an orc warrior
   282 | D        | Noticed a guardian mummy
   285 | D        | Killed a guardian mummy
   286 | D        | Reached skill level 9 in Unarmed Combat
   286 | D        | Reached XP level 7. HP: 42/80 MP: 6/6
   321 | D        | Received a gift from Trog
   329 | D        | Reached skill level 10 in Unarmed Combat
   340 | D        | Noticed a blink frog
   340 | D        | Noticed a blink frog
   340 | D        | Noticed a blink frog
   342 | D        | Killed a blink frog
   349 | D        | Killed a blink frog
   350 | D        | Reached XP level 8. HP: 63/92 MP: 7/7
   354 | D        | Killed a blink frog
   355 | D        | Reached skill level 11 in Unarmed Combat
   446 | D        | Found a radiant altar of Vehumet.
   446 | D        | Found a corrupted altar of Lugonu.
   448 | D        | Found a broken altar of Ashenzari.
   448 | D        | Found an ancient bone altar of Kikubaaqudgha.
   448 | D        | Found a hide-covered altar of Uskayaw.
   491 | D        | Reached ****** piety under Trog
   491 | D        | Identified the +7 great mace of Eternal Harmony {antimagic,
                  | rElec rN+ rCorr Int-4} (Trog gifted it to you in the
                  | Dungeon)
   491 | D        | Received a gift from Trog
   496 | D        | Reached skill level 10 in Fighting
   500 | D        | Reached skill level 10 in Dodging
   503 | D        | Reached skill level 12 in Unarmed Combat
   547 | D        | Noticed a sea snake
   555 | D        | HP: 6/139 [poisoned by a sea snake]
   555 | D        | HP: 2/139 [sea snake (3)]
   557 | D        | Succumbed to a sea snake's poison

Illustrated notes

Levels and vault maps discovered:
D:        pitsprint [storerooms_1, entrance_room_1, metal_vault_2, armoury_1,
          mini_pit_1, grid_room_1, main_hall_1, silver_pit, the_coven_3,
          the_vestibule_1, steel_vault_5, golden_pit, hallway_of_sentries,
          crystal_vault_4, iron_vault_1, final_vault]

Skill      XL: |  1  2  3  4  5  6  7  8 |
---------------+-------------------------+-----
Fighting       | 3 5 6 8 9 10 | 10.3
Dodging        | 3 4 6 8 9 10 | 10.1
Unarmed Combat | 4 5 7 8 9 10 12 | 12.0

Action                     |  1- 3 |  4- 6 |  7- 9 || total
---------------------------+-------+-------+-------++-------
  Melee: Unarmed           |    54 |    37 |    43 ||   134
         Punch             |       |     1 |     3 ||     4
 Invoke: Berserk           |       |     1 |     1 ||     2
   Stab: Sleeping          |       |     1 |       ||     1
 Armour: Animal skin       |    41 |    18 |    38 ||    97
  Dodge: Dodged            |    27 |    13 |    27 ||    67

Table legend: (Time is in decaauts)
 A = Elapsed time spent in this place.
 B = Non-inter-level travel time spent in this place.
 C = Inter-level travel time spent in this place.
 D = Time resting spent in this place.
 E = Time spent auto-exploring this place.
 F = Levels seen in this place.
 G = Mean time per level.
                   A        B        C        D        E       F      G
               +--------+--------+--------+--------+--------+-----+--------+
         Total |    549 |    461 |     88 |    131 |     65 |   1 |  549.0 |
       Dungeon |    549 |    461 |     88 |    131 |     65 |   1 |  549.0 |
               +--------+--------+--------+--------+--------+-----+--------+

Top non-repeatable levels by time:
       D: 549 daAuts
